 Dungeon Crawl Stone Soup version 0.21.1-1-g345015f (webtiles) character file.

1005 poirepourri the Covert (level 8, -1/36 HPs)
             Began as a Spriggan Enchanter on July 21, 2018.
             Was an Initiate of Dithmenos.
             Shot with an arrow by a centaur (14 damage)
             ... on level 6 of the Dungeon.
             The game lasted 00:06:41 (5431 turns).

poirepourri the Covert (Spriggan Enchanter)         Turns: 5431, Time: 00:06:42

Health: -1/36      AC:  4    Str:  4    XL:     8   Next: 0%
Magic:  2/18       EV: 18    Int: 16    God:    Dithmenos [......]
Gold:   351        SH:  0    Dex: 19    Spells: 8/20 levels left

rFire    . . .     SeeInvis +   a - +0 dagger (venom)
rCold    . . .     Gourm    .   (shield restricted)
rNeg     . . .     Faith    .   b - +1 robe
rPois    .         Spirit   .   (helmet restricted)
rElec    .         Reflect  .   o - +0 cloak
rCorr    .         Harm     .   (gloves unavailable)
MR       +....                  (boots unavailable)
Stlth    +++++.....             n - amulet of regeneration
HPRegen  0.52/turn              s - ring of wizardry
MPRegen  0.16/turn              (no ring)

@: very quick
A: very small, unfitting armour, see invisible, herbivore, speed 3, slow
metabolism 2
a: Renounce Religion


You were on level 6 of the Dungeon.
You worshipped Dithmenos.
Dithmenos was noncommittal.
You were not hungry.

You visited 2 branches of the dungeon, and saw 7 of its levels.

You collected 351 gold pieces.

Inventory:

Hand Weapons
 a - a +0 dagger of venom (weapon)
Armour
 b - a +1 robe (worn)
 f - a +0 buckler
 o - a +0 cloak (worn)
Jewellery
 n - an amulet of regeneration (around neck)
 s - a ring of wizardry (left hand)
Wands
 i - a wand of polymorph (12)
 l - a wand of scattershot (7)
Scrolls
 m - 2 scrolls of remove curse
 t - a scroll of identify
 u - a scroll of amnesia
Potions
 e - 4 potions of haste
 g - a potion of magic {unknown}
 j - a potion of cancellation {unknown}
 k - a potion of lignification {unknown}
 p - 3 potions of flight
 q - 2 potions of curing
 r - a potion of heal wounds {unknown}
Books
 c - a book of Maledictions

   Spells                             Type                      Level
   a - Corona                         Hexes                        1
   b - Ensorcelled Hibernation        Hexes/Ice                    2
   c - Confuse                        Hexes                        3
   d - Tukima's Dance                 Hexes                        3
   e - Dazzling Spray                 Conjuration/Hexes            3
 h - a book of Minor Magic

   Spells                             Type                      Level
   a - Magic Dart                     Conjuration                  1
   b - Blink                          Translocation                2
   c - Call Imp                       Summoning                    2
   d - Slow                           Hexes                        2
   e - Conjure Flame                  Conjuration/Fire             3
   f - Mephitic Cloud                 Conjuration/Poison/Air       3
 v - a book of Cantrips

   Spells                             Type                      Level
   a - Confusing Touch                Hexes                        1
   b - Animate Skeleton               Necromancy                   1
   c - Summon Small Mammal            Summoning                    1
   d - Apportation                    Translocation                1
Comestibles
 d - 11 rations


   Skills:
 - Level 1.1 Short Blades
 - Level 3.0 Dodging
 - Level 12.4 Stealth
 + Level 6.6 Spellcasting
 - Level 3.6 Hexes


You had 8 spell levels left.
You knew the following spells:

 Your Spells              Type           Power        Failure   Level  Hunger
a - Corona                Hex            ###....      1%          1    None
b - Ensorcelled Hibernat  Hex/Ice        ##....       4%          2    None
c - Confuse               Hex            ###.....     3%          3    ##.....
d - Tukima's Dance        Hex            ###.....     3%          3    ##.....
e - Dazzling Spray        Conj/Hex       ##....       8%          3    ##.....


Dungeon Overview and Level Annotations

Branches:
Dungeon (6/15)             Temple (1/1) D:5

Altars:
Ashenzari
Cheibriados
Dithmenos
Elyvilon
Fedhas
Hepliaklqana
Kikubaaqudgha
Makhleb
Nemelex Xobeh
Okawaru
Qazlal
Ru
Sif Muna
Trog
Uskayaw
Vehumet
Xom
Yredelemnul
Zin
The Shining One

Annotations:
D:3 Robin


Innate Abilities, Weirdness & Mutations

You are very small and have problems with some larger weapons.
You are too small for most types of armour.
You have supernaturally acute eyesight. (SInv)
You are a herbivore.
You cover ground extremely quickly.
You need consume almost no food.


Message History

Casting: Dazzling Spray
Confirm with . or Enter, or press ? or * to list all spells.
Aiming: Dazzling Spray
Press: ? - help, Shift-Dir - straight line, f/p - centaur
Aim: a centaur, wielding a shortbow (severely wounded, blind)
The spray of energy hits the centaur.
The centaur is almost dead.
The centaur is dazzled.
The centaur shoots an arrow.
The arrow hits you!
Casting: Dazzling Spray
Confirm with . or Enter, or press ? or * to list all spells.
Aiming: Dazzling Spray
Press: ? - help, Shift-Dir - straight line, f/p - centaur
Aim: a centaur, wielding a shortbow (almost dead, blind)
The spray of energy hits the centaur.
You kill the centaur!
Dithmenos accepts your kill.
You have reached level 8!
The centaur shoots an arrow.
The arrow hits you!
The centaur shoots an arrow.
The arrow hits you!
You die...

#.#............. #
#.#...#.######## .# #.#...#.#
#.# ### #.#...#.###########..#
###.###.#<..#.......(......#.#.
.......................c.......
###...#................#.......
#.#.####..#.#.######.#..c#...
#.#.# #..#.#(@.)c...#...# #
#.#.# #..#.#####.#..#.$c#
###.#.####..... ...#..#...#
.............. ....$........
###.#.####.##.....#.##.#...##
#.#.# #.# ####Z#.##.#....
#.#.####.# #......# ..#
#.#....#.###### #.# .# #.#
#.####.#....... ...


You could see a centaur.

Vanquished Creatures
  Grinder (D:3)
  Sigmund (D:3)
  A sky beast (D:5)
  An ogre (D:5)
  2 centaurs
  A scorpion (D:3)
  A howler monkey (D:4)
  A bullfrog skeleton (D:5)
  Ijyb (D:3)
  A hound zombie (D:5)
  3 gnolls (D:6)
  6 adders
  An adder skeleton (D:4)
  2 worms
  2 dart slugs
  3 leopard geckos
  An orc (D:4)
  8 bats
  4 giant cockroaches
  12 goblins
  7 hobgoblins
  10 jackals
  A ball python (D:3)
  5 frilled lizards
  8 kobolds
  A quokka zombie (D:5)
  10 rats
95 creatures vanquished.

Vanquished Creatures (others)
  2 goblins (D:3)
  A hobgoblin (D:3)
3 creatures vanquished.

Grand Total: 98 creatures vanquished

Notes
Turn   | Place    | Note
-------+----------+-------------------------------------------
     0 | D:1      | poirepourri the Spriggan Enchanter began the quest for the Orb.
     0 | D:1      | Reached XP level 1. HP: 9/9 MP: 5/5
   207 | D:1      | Reached skill level 5 in Stealth
   600 | D:1      | Reached XP level 2. HP: 13/13 MP: 6/6
   604 | D:1      | Learned a level 2 spell: Ensorcelled Hibernation
  1090 | D:1      | Reached skill level 6 in Stealth
  1606 | D:2      | Reached XP level 3. HP: 16/16 MP: 8/8
  1692 | D:2      | Reached skill level 7 in Stealth
  1976 | D:2      | Learned a level 3 spell: Confuse
  2216 | D:2      | Reached XP level 4. HP: 21/21 MP: 7/9
  2429 | D:3      | Noticed Robin
  2431 | D:3      | Noticed Sigmund
  2481 | D:3      | Lost strength.
  2526 | D:3      | Reached skill level 8 in Stealth
  2551 | D:3      | Found a stormy altar of Qazlal.
  2555 | D:3      | Noticed Ijyb
  2562 | D:3      | Killed Ijyb
  2647 | D:3      | Killed Sigmund
  2647 | D:3      | Reached skill level 10 in Stealth
  2647 | D:3      | Reached XP level 5. HP: 24/24 MP: 3/10
  2647 | D:3      | Reached XP level 6. HP: 28/28 MP: 3/11
  2893 | D:3      | Noticed Grinder
  2959 | D:3      | Killed Grinder
  2959 | D:3      | Reached skill level 11 in Stealth
  2959 | D:3      | Reached XP level 7. HP: 26/32 MP: 0/12
  3556 | D:4      | Found a shattered altar of Ashenzari.
  3558 | D:4      | Found a radiant altar of Vehumet.
  3561 | D:4      | Found a hazy altar of Hepliaklqana.
  3582 | D:4      | Reached skill level 12 in Stealth
  4148 | D:5      | Entered Level 5 of the Dungeon
  4155 | D:5      | Found a staircase to the Ecumenical Temple.
  4206 | Temple   | Entered the Ecumenical Temple
  4241 | Temple   | Became a worshipper of Dithmenos the Shadowed
  4375 | D:5      | Reached skill level 5 in Spellcasting
  4431 | D:5      | Found an iron altar of Okawaru.
  4823 | D:5      | Learned a level 3 spell: Tukima's Dance
  4827 | D:5      | Learned a level 3 spell: Dazzling Spray
  5431 | D:6      | Reached XP level 8. HP: 25/36 MP: 2/18
  5431 | D:6      | Shot with an arrow by a centaur

Skill      XL: |  1  2  3  4  5  6  7 |
---------------+----------------------+-----
Stealth        | 5 6 7 10 11 12 | 12.4
Spellcasting   | 3 6 |  6.6
Short Blades   | |  1.1
Dodging        | |  3.0
Hexes          | |  3.6

Action                   |  1- 3 |  4- 6 |  7- 9 || total
-------------------------+-------+-------+-------++-------
Melee: Dagger            |   112 |    76 |    68 ||   256
 Cast: Corona            |     3 |       |       ||     3
       Ensorcelled Hiber |    17 |    11 |    15 ||    43
       Confuse           |       |     5 |     2 ||     7
       Dazzling Spray    |       |       |     5 ||     5
  Use: Scroll            |     8 |     1 |     5 ||    14
       Potion            |       |     5 |       ||     5
 Stab: Sleeping          |    23 |    14 |    14 ||    51
       Invisible         |       |     2 |       ||     2
       Confused          |       |     1 |     2 ||     3
  Eat: Ration            |     1 |       |     2 ||     3
Armor: Robe              |     8 |     9 |    17 ||    34
Dodge: Dodged            |    87 |   119 |    56 ||   262
